Map: 亚历山大港 - 天梯版

Players

INnoVation - Winner!

  • Race: Terran Terran
  • League: Diamond

Stephano

  • Race: Zerg Zerg

Event: WESG 2018 Grand Finals

VOD

Have the link to the VOD?

Description

Time

  • Played on: March 12, 2019, 4:05 a.m.
  • Length: 20:40

All games in this series

Show
View Real Time Build Order
Export as new Build Order

INnoVation Terran - Winner!

Build Orders: Hellion Opening, Reaper Expand 

Get SALT Encoding   

  12  0:00  SCV  
  13  0:12  SCV  
  14  0:18  Supply Depot  
  14  0:24  SCV  
  15  0:39  SCV  
  15  0:40  Barracks  
  16  0:44  Refinery  
  16  0:51  SCV  
  17  1:03  SCV  
  18  1:16  SCV  
  19  1:27  Reaper  
  19  1:28  Orbital Command  
  20  1:42  Command Center  
  20  1:53  SCV  
  21  1:55  Supply Depot  
  21  1:59  Marine  
  22  2:05  SCV  
  23  2:10  Factory  
  23  2:15  Refinery  
  23  2:17  SCV  
  23  2:22  Barracks Reactor  
  24  2:30  SCV  
  25  2:42  SCV  
  26  2:55  Starport, Orbital Command  
  26  2:56  SCV  
  27  3:01  Hellion  
  27  3:02  Hellion  
  27  3:05  Barracks Tech Lab  
  31  3:08  SCV  
  32  3:20  SCV  
  32  3:21  SCV  
  32  3:23  Hellion x2  
  38  3:31  Viking, Supply Depot  
  40  3:37  Marauder  
  42  3:45  Hellion x2  
  46  3:53  SCV x2  
  46  3:55  Supply Depot  
  48  3:58  Marauder  
  48  4:01  Medivac  
  52  4:04  Armory  
  52  4:11  Hellion  
  52  4:15  Concussive Shells  
  52  4:16  Hellion  
  58  4:24  SCV x2  
  58  4:25  Supply Depot  
  58  4:29  Liberator  
  58  4:32  Hellion  
  58  4:38  Hellion  
  62  4:46  SCV x2  
  62  4:48  Supply Depot  
  67  4:54  Hellion  
  69  5:00  SCV  
  69  5:02  Supply Depot  
  70  5:10  Hellion, SCV  
  70  5:13  Liberator  
  73  5:15  Hellion  
  73  5:18  SCV  
  70  5:22  SCV  
  67  5:30  Stimpack  
  67  5:31  SCV, Command Center  
  67  5:34  SCV  
  67  5:35  Marine  
  73  5:37  Hellion x2  
  77  5:43  SCV  
  77  5:46  SCV  
  73  5:55  SCV  
  68  5:58  Hellion x2, SCV  
  70  6:07  SCV  
  70  6:10  SCV  
  68  6:14  Barracks  
  68  6:15  Barracks  
  62  6:19  SCV  
  62  6:22  SCV  
  64  6:26  Marine  
  64  6:27  Hellion x2  
  64  6:31  SCV  
  64  6:32  Engineering Bay, Refinery  
  67  6:33  Engineering Bay, Refinery  
  67  6:35  SCV  
  67  6:37  Starport Reactor  
  64  6:43  SCV  
  64  6:44  Orbital Command  
  64  6:45  Barracks x2  
  64  6:47  Marine, SCV  
  66  6:49  Hellion  
  66  6:50  Hellion  
  71  6:55  SCV  
  71  6:58  Terran Infantry Weapons Level 1  
  71  6:59  Terran Infantry Armor Level 1, SCV  
  73  7:02  Barracks Reactor x2  
  73  7:06  Orbital Command  
  73  7:07  SCV  
  71  7:11  SCV  
  71  7:12  Marine  
  73  7:20  SCV  
  73  7:22  Terran Vehicle Weapons Level 1  
  74  7:23  SCV  
  74  7:24  Factory Tech Lab  
  74  7:29  Marine  
  75  7:32  Combat Shield, SCV  
  75  7:33  Barracks Reactor  
  75  7:35  SCV x2  
  79  7:38  Refinery x2  
  79  7:39  Marine x4  
  79  7:43  Medivac x2, Siege Tank  
  79  7:44  SCV  
  91  7:47  Marine, SCV  
  91  7:49  Supply Depot  
  91  7:50  Supply Depot  
  93  7:52  Marine, SCV  
  93  7:53  Marine  
  93  7:56  SCV  
  93  7:57  Marine x4  
  101  8:11  Marine x3, SCV x3  
  101  8:12  Supply Depot  
  107  8:13  Medivac x2  
  107  8:14  Supply Depot  
  107  8:15  Marine  
  107  8:16  Marine, Supply Depot  
  107  8:19  Siege Tank  
  116  8:23  SCV  
  116  8:26  Factory  
  117  8:33  Marine x3  
  117  8:34  SCV x2  
  122  8:35  Supply Depot  
  122  8:39  Marine x6  
  128  8:46  SCV  
  128  8:47  SCV  
  128  8:48  SCV  
  116  8:51  Marine x2  
  118  8:58  Siege Tank  
  118  9:01  Command Center  
  121  9:03  Terran Infantry Weapons Level 2  
  121  9:04  Terran Infantry Armor Level 2, Liberator  
  121  9:05  Liberator  
  121  9:09  Marine  
  122  9:10  Marine, Missile Turret  
  122  9:12  Marine  
  122  9:14  Factory Tech Lab  
  124  9:19  Marine x2  
  124  9:20  Marine  
  124  9:21  Marine  
  134  9:30  Marine x2  
  136  9:36  Siege Tank  
  136  9:37  Siege Tank  
  136  9:38  Marine x2  
  143  9:44  Marine x5, Supply Depot  
  148  9:48  Marine  
  148  9:52  Marine  
  141  10:00  Marine x2  
  141  10:02  Marine x3  
  141  10:04  Medivac  
  141  10:05  Medivac  
  141  10:06  Supply Depot  
  150  10:07  Supply Depot  
  150  10:09  Siege Tank x2  
  150  10:13  Marine x2  
  158  10:16  SCV x3  
  158  10:20  Terran Vehicle Weapons Level 2  
  161  10:22  Marine x2  
  161  10:23  Marine  
  164  10:30  Marine x4  
  164  10:31  Marine x2  
  164  10:34  Medivac  
  164  10:35  Medivac  
  174  10:36  SCV x2  
  174  10:37  SCV  
  174  10:41  Siege Tank x2, Planetary Fortress  
  182  10:45  Command Center  
  182  10:46  Marine x3  
  185  10:51  Marine x2  
  187  11:04  Marine  
  188  11:05  Sensor Tower  
  188  11:07  Supply Depot  
  188  11:08  Supply Depot  
  188  11:10  Refinery  
  188  11:12  Refinery  
  188  11:25  Starport  
  188  11:26  Starport, Siege Tank  
  188  11:28  Fusion Core  
  188  11:29  Marine x9, Siege Tank  
  200  11:41  Supply Depot  
  200  11:42  Supply Depot  
  196  11:50  Supply Depot  
  193  11:57  Marine, SCV  
  195  12:02  Marine x4, SCV  
  200  12:09  Supply Depot  
  200  12:16  Starport Reactor  
  200  12:17  Starport Tech Lab  
  200  12:22  SCV  
  200  12:24  Planetary Fortress  
  200  12:27  Terran Infantry Weapons Level 3, Terran Infantry Armor Level 3  
  200  12:29  Ghost Academy  
  198  12:30  Barracks x2  
  198  12:31  Barracks  
  198  12:35  Marine  
  198  12:36  Marine  
  195  12:43  Command Center  
  194  12:53  Marine  
  194  12:54  Marine x2  
  194  12:55  Marine  
  194  12:56  Siege Tank  
  200  12:58  Advanced Ballistics  
  200  13:11  Command Center  
  194  13:20  Barracks Tech Lab x2  
  194  13:21  Barracks Tech Lab  
  194  13:24  Terran Vehicle Weapons Level 3  
  184  13:27  Marine  
  184  13:28  Marine x7  
  184  13:31  Siege Tank  
  184  13:32  Siege Tank  
  190  13:36  Liberator x2  
  190  13:38  Marauder, Marine x2  
  190  13:40  Liberator  
  138  13:43  Liberator  
  138  13:45  Marine x4  
  138  13:46  Marine x3  
  138  13:48  Marine x2  
  126  13:56  Marine x2  
  126  13:59  Marine  
  135  14:08  Liberator  
  135  14:09  Marine x6  
  138  14:10  Siege Tank  
  138  14:13  Siege Tank  
  147  14:17  Planetary Fortress  
  147  14:19  SCV x3  
  147  14:23  Liberator  
  150  14:26  Liberator  
  150  14:30  Personal Cloaking  
  153  14:31  Sensor Tower  
  153  14:39  Medivac x2  
  153  14:45  Siege Tank x2  
  169  14:51  Marauder x3, Marine, Liberator  
  169  14:52  Marine  
  177  14:55  Liberator  
  177  14:56  Liberator  
  167  15:08  Neosteel Armor, Hi-Sec Auto Tracking  
  167  15:11  Planetary Fortress  
  176  15:15  Marauder x2, Marine x4  
  176  15:16  Marine  
  176  15:17  Marine  
  176  15:19  Liberator, SCV x2  
  176  15:21  SCV  
  189  15:26  Supply Depot  
  189  15:30  Siege Tank x2  
  189  15:35  Liberator  
  195  15:36  Liberator  
  195  15:40  Refinery x2  
  195  15:41  Marauder  
  200  15:58  Command Center  
  200  16:01  Terran Vehicle And Ship Armor Level 1  
  198  16:17  Command Center x2  
  197  16:25  Liberator  
  195  16:30  Marauder x2  
  195  16:43  Liberator  
  195  16:44  Liberator x2  
  198  16:52  Armory  
  198  17:02  Ghost  
  198  17:07  Marine x5  
  186  17:13  Siege Tank x2  
  180  17:17  Liberator x2  
  180  17:21  Marauder x3, Marine x3  
  189  17:24  Marine  
  189  17:25  Marine x4  
  191  17:30  Liberator  
  191  17:31  Marauder, Liberator x2, Command Center  
  181  17:49  Marauder x3  
  161  17:51  Marine x4  
  161  17:56  Siege Tank  
  153  17:59  Orbital Command  
  153  18:00  Orbital Command, Liberator  
  153  18:01  Orbital Command  
  153  18:05  Marauder, Marine x4  
  157  18:10  Marauder x2  
  157  18:11  Marauder  
  157  18:12  SCV  
  166  18:14  SCV x2  
  166  18:15  SCV  
  172  18:20  Sensor Tower  
  172  18:23  Medivac  
  172  18:24  SCV  
  172  18:25  Marine x2  
  177  18:28  Marauder  
  177  18:30  Medivac  
  177  18:31  Medivac x2  
  177  18:32  Marauder  
  187  18:36  SCV  
  187  18:39  Siege Tank  
  187  18:40  Siege Tank  
  187  18:41  Marauder x2, Marine x2  
  199  18:48  Planetary Fortress  
  200  18:50  Missile Turret  
  200  19:02  Missile Turret  
  200  19:06  Refinery  
  162  19:10  Medivac x2  
  194  19:15  Refinery, Command Center x2  
  197  19:42  Marauder, Marine  
Show
View Real Time Build Order
Export as new Build Order

Stephano Zerg 

Build Orders: Hatch First 

Get SALT Encoding   

  12  0:01  Drone  
  13  0:14  Overlord  
  13  0:18  Drone  
  14  0:32  Drone x2  
  16  0:50  Hatchery  
  16  0:53  Drone  
  16  0:57  Drone  
  17  1:00  Drone  
  18  1:11  Extractor  
  18  1:15  Spawning Pool  
  16  1:19  Drone  
  16  1:22  Drone  
  18  1:29  Drone  
  19  1:40  Drone  
  20  1:51  Drone  
  21  2:03  Queen x2  
  21  2:04  Zergling x4  
  27  2:16  Overlord  
  27  2:19  Drone  
  28  2:29  Extractor  
  27  2:36  Hatchery  
  26  2:38  Drone x2  
  26  2:40  Drone  
  26  2:42  Queen  
  31  2:48  Metabolic Boost  
  31  2:54  Overlord  
  31  2:56  Drone  
  31  2:57  Drone  
  33  3:03  Drone  
  33  3:05  Drone  
  35  3:22  Drone x6  
  35  3:23  Queen  
  43  3:28  Overlord  
  43  3:35  Overlord  
  43  3:46  Queen, Drone  
  46  3:48  Zergling x6  
  46  3:49  Zergling x4  
  51  3:58  Drone x3  
  51  3:59  Queen  
  51  4:01  Drone x2  
  58  4:03  Drone  
  58  4:06  Spore Crawler  
  58  4:07  Drone  
  59  4:10  Spore Crawler  
  59  4:14  Drone x2  
  59  4:16  Drone  
  61  4:18  Overlord  
  61  4:24  Evolution Chamber  
  61  4:29  Evolution Chamber, Spore Crawler  
  58  4:37  Queen x2  
  62  4:40  Drone x3  
  62  4:44  Overlord  
  65  4:47  Overlord  
  65  5:00  Zerg Melee Weapons Level 1, Zerg Ground Armor Level 1  
  65  5:02  Zergling x2  
  65  5:04  Zergling x4  
  65  5:05  Zergling x10  
  73  5:12  Zergling x8  
  71  5:20  Zergling x8  
  72  5:24  Queen x2  
  72  5:26  Zergling x2  
  72  5:27  Zergling x4  
  70  5:38  Zergling x8  
  73  5:49  Zergling x6  
  64  5:52  Queen  
  62  6:00  Queen x2, Zergling x4  
  63  6:11  Zergling x10  
  56  6:28  Zergling x2  
  56  6:29  Zergling x10  
  53  6:40  Lair  
  53  6:45  Drone x6  
  58  6:56  Drone x3  
  61  7:02  Drone x3  
  61  7:05  Drone  
  65  7:09  Extractor  
  65  7:10  Drone x2  
  65  7:11  Baneling Nest  
  65  7:14  Hatchery  
  65  7:15  Drone x6  
  70  7:21  Drone x2  
  70  7:22  Extractor  
  71  7:23  Queen, Extractor  
  72  7:30  Overlord x2  
  72  7:35  Drone x2  
  74  7:40  Drone  
  75  7:48  Zergling x2  
  75  7:49  Zergling x8  
  79  7:54  Baneling  
  79  7:55  Baneling x3  
  79  7:58  Baneling x4  
  79  7:59  Zergling x14  
  79  8:02  Queen  
  88  8:13  Drone x2  
  88  8:17  Centrifical Hooks  
  90  8:23  Zergling x14, Hatchery  
  90  8:24  Zergling x2  
  90  8:25  Overlord x3  
  97  8:31  Zerg Ground Armor Level 2  
  88  8:54  Drone x5  
  88  8:55  Drone x5  
  98  8:58  Zerg Melee Weapons Level 2  
  98  9:02  Hydralisk Den, Drone x2  
  99  9:03  Drone  
  99  9:04  Infestation Pit  
  99  9:13  Drone x3  
  99  9:15  Overlord x2, Extractor  
  99  9:16  Overlord  
  99  9:17  Overlord, Spore Crawler  
  100  9:24  Zergling x10  
  101  9:36  Zergling x16  
  100  9:40  Muscular Augments  
  100  9:41  Hydralisk x3  
  100  9:42  Hydralisk x3  
  112  9:49  Zergling x14  
  116  10:01  Baneling x8  
  116  10:04  Zergling x2  
  116  10:05  Zergling x18  
  116  10:06  Extractor  
  125  10:10  Zergling x2  
  125  10:11  Zergling x8  
  125  10:12  Zergling x4, Hatchery  
  130  10:18  Hive  
  130  10:26  Hydralisk x2  
  130  10:27  Hydralisk x3  
  140  10:30  Zergling x4  
  142  10:35  Baneling  
  142  10:36  Baneling x4  
  142  10:43  Overlord x2  
  142  10:44  Overlord  
  142  10:45  Zergling x16  
  142  10:47  Baneling x3  
  150  10:51  Grooved Spines, Zerg Missile Weapons Level 1  
  150  11:02  Hydralisk  
  150  11:03  Hydralisk x4  
  160  11:15  Zergling x14  
  167  11:21  Baneling x8  
  167  11:22  Overlord, Baneling x5  
  146  11:46  Zerg Ground Armor Level 3, Zergling x2  
  146  11:47  Zergling x34  
  156  11:55  Hydralisk x3  
  162  12:04  Hydralisk  
  162  12:05  Hydralisk x3  
  170  12:09  Overlord x3  
  170  12:14  Zergling x10  
  175  12:29  Zergling x2  
  179  12:30  Zergling x22  
  186  12:47  Zergling x16  
  192  12:55  Hatchery  
  185  13:17  Zergling x32  
  196  13:22  Zerg Melee Weapons Level 3  
  162  13:41  Zergling x22  
  127  13:46  Hydralisk x3  
  114  13:54  Baneling x4  
  114  13:55  Baneling x15  
  114  13:59  Adrenal Glands  
  114  14:00  Drone x7  
  121  14:07  Viper x2  
  127  14:10  Zergling x4  
  127  14:12  Hatchery  
  128  14:19  Drone x3  
  128  14:20  Hatchery, Hydralisk x3  
  136  14:24  Zerg Missile Weapons Level 2  
  136  14:31  Zergling x14  
  136  14:37  Zergling x2  
  136  14:38  Zergling x10  
  147  14:39  Zergling x2  
  149  14:51  Zergling x14  
  151  15:09  Zergling x2  
  151  15:10  Zergling x28  
  151  15:13  Queen  
  166  15:16  Spine Crawler, Drone  
  166  15:17  Spore Crawler  
  166  15:18  Drone  
  166  15:19  Drone x2  
  170  15:23  Hydralisk x5  
  180  15:38  Hydralisk x2  
  180  15:39  Hydralisk x8  
  195  16:09  Baneling  
  195  16:10  Baneling x14  
  192  16:14  Hatchery  
  185  16:27  Zergling x32  
  185  16:29  Hatchery  
  191  16:40  Baneling x3  
  191  16:41  Baneling x7  
  191  16:42  Viper x2  
  184  17:04  Zergling x32  
  183  17:11  Hydralisk x4  
  183  17:12  Hatchery  
  166  17:31  Zergling x26  
  179  17:37  Overlord  
  128  17:51  Viper x3  
  128  17:58  Drone x6  
  143  18:06  Hydralisk x5  
  153  18:17  Baneling x7  
  153  18:24  Hatchery  
  151  18:32  Hydralisk  
  151  18:33  Hydralisk x3  
  152  18:46  Hydralisk x5  
  155  19:12  Zergling x34  
  155  19:13  Zergling x2  
  171  19:34  Hydralisk x7  
  181  19:56  Baneling x8  
  181  19:59  Zergling x16  
  189  20:04  Hatchery  
Tags
 
Add a new tag
Caveats
  • Supply blocks, unpowered buildings, or Contaminate may cause inaccurate times.
  • Supply counts are checked every 10 seconds.